[Event "Titled Tuesday Blitz February 28 Early 2023"]
[White "Grigoriants, Sergey"]
[Black "Real_OceanStorm"]
[WhiteFideId "4130804"]
[WhiteElo "2502"]
[BlackElo "2766"]
[Result "1-0"]
[Round "07"]
[TimeControl "180+2"]
[Date "2023.02.28"]
[WhiteClock "0:00:08"]
[BlackClock "0:00:01"]

1. d4 Nf6 2. c4 e6 3. Nc3 d5 4. cxd5 exd5 5. Bg5 Nbd7 6. e3 c6 7. Bd3 Qb6 8. Qc2 h6 9. Bh4 Be7 10. Nge2 O-O 11. O-O Re8 12. Rae1 a6 13. f3 c5 14. Bf2 Qc7 15. Nf4 Qd6 16. Bg3 Qc6 17. Kh1 c4 18. Bf5 g5 19. Nfe2 Nb6 20. Bxc8 Raxc8 21. e4 Nbd7 22. e5 Nh5 23. f4 Rf8 24. f5 b5 25. f6 Bb4 26. Rf5 Bxc3 27. bxc3 a5 28. h4 Nhxf6 29. exf6 Nxf6 30. hxg5 Ne4 31. Be5 Qg6 32. Ref1 Rce8 33. Kg1 hxg5 34. Ng3 Qh6 35. Nxe4 dxe4 36. Qxe4 a4 37. Qd5 Re6 38. Bg3 g4 39. Rg5+ Rg6 40. Rff5 Qg7 41. Rxg6 Qxg6 42. Rg5 Kh7 43. Rxg6 Kxg6 44. Qd6+ Kg7 45. Be5+ f6 46. Qd7+ Rf7 47. Qxg4+ 1-0


[Site "https://www.chess.com"]

[Event "Titled Tuesday Blitz February 28 Early 2023"]
[White "Mahdavi, Reza"]
[Black "Kamsky, Gata"]
[WhiteFideId "12595926"]
[BlackFideId "2000024"]
[WhiteElo "2242"]
[BlackElo "2666"]
[Result "1/2-1/2"]
[Round "07"]
[TimeControl "180+2"]
[Date "2023.02.28"]
[WhiteClock "0:00:07"]
[BlackClock "0:00:02"]

1. Nf3 Nf6 2. g3 g6 3. b3 Bg7 4. Bb2 O-O 5. Bg2 d6 6. d4 Bf5 7. O-O Qc8 8. c4 Bh3 9. d5 Bxg2 10. Kxg2 c6 11. dxc6 bxc6 12. Nc3 Nbd7 13. Qc2 a5 14. Na4 Qb7 15. c5 d5 16. Ne5 Nxe5 17. Bxe5 Nd7 18. Bxg7 Kxg7 19. e4 Rfc8 20. Rac1 Qc7 21. Rfe1 e6 22. h4 h5 23. Red1 Rcb8 24. a3 Kg8 25. Qc3 Rb5 26. exd5 cxd5 27. c6 Ne5 28. Re1 Ng4 29. Qd3 Rab8 30. Nc5 Qxc6 31. Nxe6 Qd6 32. Nd4 R5b6 33. Re2 Qxa3 34. Rc7 Rf6 35. Nc6 Rf8 36. Ne7+ Kg7 37. Nxd5 Qd6 38. Qc4 Rf5 39. Ne7 Rf6 40. Nd5 Rf5 41. Qc3+ Kh7 42. Ne7 Rf6 43. Rc6 Rxf2+ 44. Rxf2 Qxe7 45. Rf3 Qe2+ 46. Kg1 Qd1+ 47. Rf1 Qd5 48. Rc7 Kg8 49. Qc4 Qe5 50. Qf4 Qe2 51. Rf2 Qxf2+ 52. Qxf2 Nxf2 53. Kxf2 Rb8 54. Rc3 Rb5 55. Kf3 Kg7 56. Rd3 Rb4 57. Rc3 a4 58. bxa4 Rxa4 59. Rd3 f6 60. Rd7+ Kh6 61. Rd3 g5 62. Rd6 g4+ 63. Kf2 Kg6 64. Rd2 Ra3 65. Rb2 Rf3+ 66. Kg2 Rd3 67. Rc2 Kf5 68. Rc5+ Ke4 69. Rc4+ Ke3 70. Rf4 Rd6 71. Rf5 Ke4 72. Rf4+ Ke5 73. Rf2 f5 74. Re2+ Kf6 75. Rf2 Rd4 76. Rb2 f4 77. gxf4 Rxf4 78. Rb6+ Kg7 79. Rb7+ Kg6 80. Rb6+ Rf6 81. Rb5 Rf5 82. Rb6+ Rf6 83. Rb5 Rf3 84. Rb6+ Kg7 85. Rb7+ Kg6 86. Rb6+ Kg7 87. Rb5 Kg6 88. Rb6+ 1/2-1/2


[Site "https://www.chess.com"]

[Event "Titled Tuesday Blitz February 28 Early 2023"]
[White "EREBUNI91"]
[Black "Bruzon Batista, Lazaro"]
[BlackFideId "3503739"]
[WhiteElo "2736"]
[BlackElo "2709"]
[Result "0-1"]
[Round "07"]
[TimeControl "180+2"]
[Date "2023.02.28"]
[WhiteClock "0:00:11"]
[BlackClock "0:00:39"]

1. e4 e5 2. Nf3 Nc6 3. Bb5 Nf6 4. O-O Nxe4 5. Re1 Nd6 6. Nxe5 Be7 7. Bf1 Nf5 8. Nf3 O-O 9. d4 d5 10. c3 Bd6 11. Na3 Bxa3 12. bxa3 Nce7 13. Bg5 f6 14. Bf4 Ng6 15. Bg3 c6 16. Bd3 Rf7 17. Qc2 Nxg3 18. hxg3 Nf8 19. Rab1 g6 20. c4 Be6 21. c5 Qa5 22. Re3 Rd8 23. Rbe1 Bc8 24. Re8 Qc7 25. R8e3 Rdd7 26. Qe2 Kg7 27. Nd2 Rd8 28. Nf1 b6 29. Nd2 Bd7 30. Nb3 Qc8 31. a4 Bf5 32. Re7 Bxd3 33. Rxf7+ Kxf7 34. Qxd3 Ne6 35. a5 b5 0-1


[Site "https://www.chess.com"]

[Event "Titled Tuesday Blitz February 28 Early 2023"]
[White "Cherniaiev, Tykhon"]
[Black "Steinberg, Nitzan"]
[WhiteFideId "14182360"]
[BlackFideId "2801795"]
[WhiteElo "2450"]
[BlackElo "2486"]
[Result "1-0"]
[Round "07"]
[TimeControl "180+2"]
[Date "2023.02.28"]
[WhiteClock "0:00:09"]
[BlackClock "0:00:03"]

1. Nf3 d5 2. d4 Nf6 3. c4 e6 4. Nc3 Bb4 5. Bg5 h6 6. Bxf6 Qxf6 7. cxd5 exd5 8. Qa4+ Nc6 9. e3 O-O 10. Bd3 Bg4 11. Be2 a6 12. O-O Qe6 13. Qb3 Rfd8 14. a3 Bd6 15. Rac1 Ne7 16. Rfe1 Bf5 17. Na4 b6 18. Nc3 g5 19. e4 dxe4 20. Bc4 Qg6 21. Nd2 b5 22. Bf1 Bf4 23. Rcd1 Be6 24. Qc2 f5 25. Nb3 Bd6 26. d5 Bd7 27. Nd4 g4 28. g3 Rf8 29. Bg2 Rae8 30. Nce2 h5 31. Ne6 Bxe6 32. dxe6 Qxe6 33. Nd4 Qf6 34. a4 b4 35. Qc4+ Kh8 36. Ne6 Rg8 37. Nxc7 Rc8 38. Nd5 Nxd5 39. Qxd5 Rgd8 40. Bxe4 fxe4 41. Qxh5+ Kg7 42. Rxe4 Rc5 43. Rxg4+ Kf8 44. Qh7 Qf7 45. Rf4 Bxf4 46. Rxd8+ Ke7 47. Rd7+ Kxd7 48. Qxf7+ Kc6 49. Qxf4 a5 50. h4 Kd5 51. h5 Rc4 52. Qf5+ Kd4 53. h6 b3 54. h7 1-0


[Site "https://www.chess.com"]

[Event "Titled Tuesday Blitz February 28 Early 2023"]
[White "Rostomyan, Mikayel"]
[Black "Zhigalko, Sergei"]
[WhiteFideId "13313754"]
[BlackFideId "13502956"]
[WhiteElo "2009"]
[BlackElo "2626"]
[Result "0-1"]
[Round "07"]
[TimeControl "180+2"]
[Date "2023.02.28"]
[WhiteClock "0:00:09"]
[BlackClock "0:00:12"]

1. d4 Nf6 2. Nf3 e6 3. c4 b6 4. g3 Ba6 5. b3 Bb4+ 6. Bd2 Be7 7. Bg2 c6 8. O-O d5 9. Qc2 Nbd7 10. a4 O-O 11. a5 Ne4 12. Be1 Bd6 13. Nbd2 f5 14. axb6 axb6 15. Nxe4 fxe4 16. Nd2 Qe7 17. f3 e3 18. Nb1 c5 19. cxd5 cxd4 20. dxe6 Nc5 21. Rxa6 Nxa6 22. f4 Rac8 23. Qe4 Bc5 24. f5 Rcd8 25. g4 Nc7 26. Bg3 Nd5 27. h4 Nf6 28. Qf3 Bd6 29. Bxd6 Qxd6 30. g5 Ne8 31. Qh5 Qe7 32. Be4 Nd6 33. f6 gxf6 34. gxf6 Rxf6 35. Rxf6 Qg7+ 36. Qg5 Nxe4 37. Qxg7+ Kxg7 38. Rf4 Nd2 39. Nxd2 exd2 40. Rf1 d3 41. exd3 Rxd3 42. Rd1 Kf6 43. Kf2 Kxe6 44. Ke2 Rd5 45. b4 h5 46. Ke3 Ke5 47. b5 Kf5 48. Kf3 Rd3+ 49. Ke2 Ke4 50. Ra1 d1=Q+ 51. Rxd1 Rxd1 52. Kxd1 Kd3 53. Kc1 Kc4 54. Kc2 Kxb5 55. Kb3 Kc5 56. Kc3 Kd5 57. Kb4 Ke4 58. Kb5 Kf4 59. Kxb6 Kg4 60. Kc5 Kxh4 61. Kd4 Kg3 62. Kd3 h4 0-1


[Site "https://www.chess.com"]

[Event "Titled Tuesday Blitz February 28 Early 2023"]
[White "Indjic, Aleksandar"]
[Black "Seemann, Jakub"]
[WhiteFideId "911925"]
[BlackFideId "21874697"]
[WhiteElo "2625"]
[BlackElo "2364"]
[Result "1-0"]
[Round "07"]
[TimeControl "180+2"]
[Date "2023.02.28"]
[WhiteClock "0:01:02"]
[BlackClock "0:00:03"]

1. d4 Nf6 2. c4 e6 3. Nc3 Bb4 4. Qc2 b6 5. e4 c5 6. d5 Qe7 7. Ne2 exd5 8. exd5 Ne4 9. Be3 d6 10. O-O-O Bf5 11. Nxe4 Bxe4 12. Qa4+ Nd7 13. Ng3 Bg6 14. h4 b5 15. Qxb5 Rb8 16. Qa4 h6 17. h5 Bh7 18. a3 Bc3 19. bxc3 Qe5 20. Qa5 Rb1+ 21. Kd2 Rb2+ 22. Ke1 O-O 23. Be2 f5 24. Bc1 f4 25. Bxb2 fxg3 26. Rd2 gxf2+ 27. Kf1 Nf6 28. Rh3 Ne4 29. Rdd3 Ng5 30. Rde3 Qf5 31. Bd3 Qg4 32. Be2 Qf5 33. Rhf3 Nxf3 34. Rxf3 Qb1+ 35. Kxf2 Rxf3+ 36. gxf3 Qxb2 37. Qd8+ Kf7 38. Qd7+ Kg8 39. Qe8# 1-0


[Site "https://www.chess.com"]

[Event "Titled Tuesday Blitz February 28 Early 2023"]
[White "Postma, Dinant"]
[Black "Koelle, Tobias"]
[WhiteFideId "1018612"]
[BlackFideId "16207378"]
[WhiteElo "2603"]
[BlackElo "2497"]
[Result "0-1"]
[Round "07"]
[TimeControl "180+2"]
[Date "2023.02.28"]
[WhiteClock "0:00:01"]
[BlackClock "0:00:45"]

1. d4 g6 2. Bf4 Bg7 3. e3 c5 4. c3 cxd4 5. cxd4 Nf6 6. Nf3 O-O 7. Be2 d6 8. h3 b6 9. O-O Bb7 10. Nc3 Nbd7 11. Bh2 Rc8 12. a4 a6 13. Rc1 Re8 14. Qb3 Qc7 15. Na2 Qb8 16. Nb4 Qa8 17. Ng5 e6 18. Bf3 Bxf3 19. Nxf3 Ne4 20. Nd3 Qb7 21. Qa3 Bf8 22. b4 a5 23. b5 Ndf6 24. Nf4 Rxc1 25. Rxc1 Rc8 26. Nd3 Nd5 27. Nfe1 Ndc3 28. Qb2 Nd5 29. f3 Nec3 30. e4 Bh6 31. Rc2 Nxa4 32. Qb3 Ndc3 33. Bxd6 Qd7 34. e5 Be3+ 35. Kh1 Bxd4 36. Nf2 Bxf2 37. Rxf2 Qxb5 38. Qc2 Qb1 39. Qxb1 Nxb1 40. Nd3 b5 41. Ra2 Nbc3 42. Ra1 b4 43. Nf2 b3 44. Ba3 b2 45. Bxb2 Nxb2 46. Rc1 Kg7 47. Ne4 Nba4 48. Nd6 Rb8 49. g4 Rb1 0-1


[Site "https://www.chess.com"]

[Event "Titled Tuesday Blitz February 28 Early 2023"]
[White "Sarana, Alexey"]
[Black "Averjanov, Alexey"]
[WhiteFideId "24133795"]
[BlackFideId "14109867"]
[WhiteElo "2717"]
[BlackElo "2660"]
[Result "1-0"]
[Round "07"]
[TimeControl "180+2"]
[Date "2023.02.28"]
[WhiteClock "0:00:02"]
[BlackClock "0:00:02"]

1. c4 c5 2. Nf3 Nf6 3. Nc3 Nc6 4. g3 g6 5. Bg2 Bg7 6. O-O O-O 7. d4 cxd4 8. Nxd4 d6 9. e3 Bd7 10. b3 Qa5 11. Bb2 Rfc8 12. Rc1 a6 13. Re1 Rab8 14. a3 Qh5 15. Qxh5 Nxh5 16. Nd5 Kf8 17. Nb6 Rc7 18. Nxd7+ Rxd7 19. Nxc6 bxc6 20. Bxg7+ Nxg7 21. Bxc6 Rc7 22. Ba4 Ne6 23. b4 a5 24. Bb5 axb4 25. axb4 Rcb7 26. Ra1 Nc7 27. Ra5 Nxb5 28. cxb5 Rxb5 29. Rxb5 Rxb5 30. Rb1 Ke8 31. Kf1 Kd7 32. Ke2 Kc6 33. Kd3 Rb7 34. Kc3 Kb5 35. Ra1 Rc7+ 36. Kb3 Kb6 37. g4 Kb7 38. h4 d5 39. Rd1 e6 40. f3 Kb6 41. e4 dxe4 42. fxe4 f5 43. gxf5 gxf5 44. exf5 exf5 45. Rd4 Rf7 46. Rf4 Kb5 47. Kc3 Rf8 48. Kd3 Rf7 49. Ke3 Rf8 50. Kf3 Rf7 51. Rd4 f4 52. Rxf4 Rg7 53. Re4 Kc6 54. Kf4 Kd5 55. Re5+ Kc4 56. b5 Rb7 57. Kg5 Kd4 58. Rf5 Rb6 59. Kg4 Rg6+ 60. Rg5 Rb6 61. Kh5 Ke4 62. Kg4 Kd4 63. Kf4 Rf6+ 64. Rf5 Rb6 65. Kg5 Rg6+ 66. Kh5 Rb6 67. Kg4 Ke4 68. h5 h6 69. Rc5 Kd4 70. Rc6 Rxb5 71. Rxh6 Ke5 72. Ra6 Rb1 73. Kg5 Rg1+ 74. Kh6 Rg2 75. Kh7 Rg3 76. h6 Rg2 77. Kh8 Rg1 78. Kh7 Rg2 79. Rg6 Ra2 80. Kg8 Ra8+ 81. Kg7 Ra7+ 82. Kh8 Kf5 83. Rg1 Ra8+ 84. Kh7 Ra7+ 85. Rg7 Ra8 86. Rf7+ Ke6 87. Kg6 Ra1 88. Rf4 Rg1+ 89. Kh5 Ke5 90. Rh4 Kf6 91. Rf4+ Ke7 92. h7 Rh1+ 93. Rh4 1-0


[Site "https://www.chess.com"]

[Event "Titled Tuesday Blitz February 28 Early 2023"]
[White "Weetik, Vjacheslav"]
[Black "Adhiban, B."]
[WhiteFideId "4153472"]
[BlackFideId "5018471"]
[WhiteElo "2469"]
[BlackElo "2587"]
[Result "0-1"]
[Round "07"]
[TimeControl "180+2"]
[Date "2023.02.28"]
[WhiteClock "0:00:15"]
[BlackClock "0:02:06"]

1. d4 Nf6 2. c4 c5 3. e3 g6 4. Nf3 Bg7 5. d5 e6 6. Be2 exd5 7. cxd5 O-O 8. O-O Ne4 9. Qc2 f5 10. d6 b6 11. Rd1 Bb7 12. Nc3 Kh8 13. Nb5 Nc6 14. Rb1 Nb4 15. Qb3 g5 16. a3 Nc6 17. Qc2 g4 18. Ne1 Ne5 19. b3 Qh4 20. Bf1 Rf6 21. Bb2 Rh6 22. h3 gxh3 0-1


[Site "https://www.chess.com"]

[Event "Titled Tuesday Blitz February 28 Early 2023"]
[White "Sadubayev, Airat"]
[Black "Daneshvar, Bardiya"]
[WhiteFideId "13713264"]
[BlackFideId "12576468"]
[WhiteElo "2101"]
[BlackElo "2482"]
[Result "0-1"]
[Round "07"]
[TimeControl "180+2"]
[Date "2023.02.28"]
[WhiteClock "0:00:10"]
[BlackClock "0:00:36"]

1. d4 b6 2. c4 Bb7 3. Nc3 e6 4. e4 Bb4 5. Bd3 Bxc3+ 6. bxc3 d6 7. Qe2 c5 8. f4 e5 9. Nf3 Nd7 10. O-O Qe7 11. a4 Ngf6 12. Re1 O-O 13. a5 Rfe8 14. fxe5 dxe5 15. d5 Qd6 16. Bg5 h6 17. Bd2 Nf8 18. Nh4 Bc8 19. Rf1 Bd7 20. h3 Ng6 21. Nxg6 fxg6 22. Ra2 Rf8 23. Rfa1 Rae8 24. Rb2 Nh5 25. axb6 axb6 26. Ra6 Rb8 27. Be3 Nf4 28. Qd2 Kh7 29. Kh2 g5 30. Rb1 Rf6 31. Bf1 g4 32. h4 Nh5 33. Be2 g3+ 34. Kg1 Nf4 35. Bf3 Bc8 36. Ra7 Rb7 37. Ra8 Rc7 38. Qe1 Bb7 39. Ra2 Rcf7 40. Qxg3 Rg6 41. Qe1 Nxd5 42. cxd5 Rxf3 43. Rab2 Rfg3 44. Kh2 R3g4 45. Bg1 Qf6 46. g3 Rxg3 47. Rxb6 Qxh4# 0-1


[Site "https://www.chess.com"]

[Event "Titled Tuesday Blitz February 28 Early 2023"]
[White "Dominguez Perez, Leinier"]
[Black "Kowalczyk, Pawel"]
[WhiteFideId "3503240"]
[BlackFideId "1130641"]
[WhiteElo "2647"]
[BlackElo "2324"]
[Result "0-1"]
[Round "07"]
[TimeControl "180+2"]
[Date "2023.02.28"]
[WhiteClock "0:00:01"]
[BlackClock "0:00:02"]

1. e4 c5 2. Nf3 e6 3. d4 cxd4 4. Nxd4 Qb6 5. Be3 Bc5 6. Na3 d5 7. exd5 exd5 8. c3 Ne7 9. b4 Bxd4 10. Qxd4 Qxd4 11. Bxd4 O-O 12. Nb5 Nbc6 13. Bc5 Bf5 14. O-O-O b6 15. Bxe7 Nxe7 16. Be2 a5 17. Kb2 Be6 18. Nd4 Rac8 19. Rhe1 Rfd8 20. Ba6 Ra8 21. Bd3 Rd6 22. Re3 Nc6 23. Nxc6 Rxc6 24. Bb5 Rc7 25. a3 g6 26. Rd4 Kg7 27. Bd3 axb4 28. cxb4 h5 29. h4 Kf6 30. Bc2 Rc4 31. Red3 Rxd4 32. Rxd4 Ke5 33. Rd2 Rc8 34. Bb3 d4 35. Re2+ Kd6 36. Rc2 Ra8 37. b5 Bd5 38. a4 Re8 39. Bxd5 Kxd5 40. Rc6 Re2+ 41. Kb3 Re6 42. Rc7 Rf6 43. f3 Ke5 44. Rd7 Rd6 45. Rxd6 Kxd6 46. Kc4 Ke5 47. a5 bxa5 48. b6 Kd6 49. Kb5 d3 50. Ka6 d2 51. b7 d1=Q 52. b8=Q+ Ke6 53. Qe8+ Kf6 54. Qh8+ Kf5 55. Qc8+ Kf4 56. Qc7+ Ke3 0-1


[Site "https://www.chess.com"]

[Event "Titled Tuesday Blitz February 28 Early 2023"]
[White "Yilmaz, Mustafa"]
[Black "Trent, Lawrence"]
[WhiteFideId "6302718"]
[BlackFideId "408638"]
[WhiteElo "2523"]
[BlackElo "2458"]
[Result "1/2-1/2"]
[Round "07"]
[TimeControl "180+2"]
[Date "2023.02.28"]
[WhiteClock "0:00:14"]
[BlackClock "0:00:49"]

1. Nf3 d5 2. d4 Nf6 3. c4 e6 4. Nc3 Ne4 5. g3 Bb4 6. Qc2 c5 7. a3 Qa5 8. axb4 Qxa1 9. bxc5 Nc6 10. Bg2 Nb4 11. Qd1 Na2 12. Nxa2 Qxa2 13. cxd5 exd5 14. O-O O-O 15. Ne5 f6 16. Nd3 Re8 17. f3 Ng5 18. Bxg5 fxg5 19. e4 Qc4 20. Ne5 Rxe5 21. dxe5 Qxc5+ 22. Kh1 Be6 23. f4 dxe4 24. Bxe4 gxf4 25. gxf4 Rf8 26. Qh5 g6 27. Qg5 Bd5 28. Qg2 Bc6 29. Bxc6 bxc6 30. Qe4 Qd5 31. Qxd5+ cxd5 32. Kg2 Kf7 33. Ra1 Ke6 34. Ra6+ Kf5 35. Kf3 g5 36. fxg5 Kxe5+ 37. Kg4 Rf7 38. h4 Rb7 39. h5 Rb4+ 40. Kg3 Rb3+ 41. Kg4 Rb4+ 42. Kf3 Rb7 43. g6 hxg6 44. Rxg6 d4 45. Kg4 d3 46. Kf3 Rd7 47. Rg1 Kd4 48. h6 Rf7+ 49. Kg2 d2 50. Rh1 Kd3 51. h7 Rxh7 52. Rxh7 d1=Q 53. Rd7+ Ke2 54. Rxd1 Kxd1 55. b4 Kc2 56. b5 Kb3 57. Kf3 Kb4 58. Ke3 Kxb5 59. Kd2 Ka4 60. Kc1 Ka3 61. Kb1 Kb3 62. Ka1 a5 63. Kb1 a4 64. Ka1 a3 65. Kb1 a2+ 66. Ka1 Kb4 67. Kxa2 1/2-1/2


[Site "https://www.chess.com"]

[Event "Titled Tuesday Blitz February 28 Early 2023"]
[White "Kim, Sergey"]
[Black "Demchenko, Anton"]
[WhiteFideId "13700570"]
[BlackFideId "4160258"]
[WhiteElo "2631"]
[BlackElo "2545"]
[Result "0-1"]
[Round "07"]
[TimeControl "180+2"]
[Date "2023.02.28"]
[WhiteClock "0:00:01"]
[BlackClock "0:00:04"]

1. d4 d5 2. c4 c6 3. Nf3 Nf6 4. Qc2 g6 5. e3 Bg7 6. Nbd2 O-O 7. Bd3 Na6 8. a3 c5 9. O-O cxd4 10. exd4 dxc4 11. Nxc4 Bg4 12. Nce5 Be6 13. Qe2 Nc7 14. b4 Rc8 15. Bb2 Ncd5 16. Qd2 Ng4 17. Rac1 Rxc1 18. Rxc1 Bh6 19. Ng5 Nxe5 20. dxe5 Nxb4 21. axb4 Bxg5 22. Qxg5 Qxd3 23. h4 Re8 24. h5 Qe2 25. Bd4 b6 26. h6 Kf8 27. Be3 Rc8 28. Ra1 Rc7 29. Qf4 Qb5 30. Qe4 Qe8 31. Qd4 Qc8 32. Kh2 Ke8 33. Qe4 Qb7 34. Qf4 Qd5 35. Ra3 Rd7 36. Ra1 Kd8 37. Re1 Kc8 38. Re2 Kb7 39. Rd2 Qc6 40. Rxd7+ Qxd7 41. Qe4+ Qc6 42. Qf4 Qd5 43. Qg5 Qd7 44. Qf4 Bd5 45. f3 Be6 46. Bf2 Qb5 47. Qe4+ Ka6 48. Bh4 Bd5 49. Qf4 Qd7 50. Qd4 Qe6 51. Bxe7 Bxf3 52. Bg5 Bd5 53. Qf4 Kb7 54. Bf6 Bc6 55. Qd4 Qd5 56. Qf2 a5 57. bxa5 bxa5 58. Be7 a4 59. Bd6 Kc8 60. Qb2 Kd7 61. Qf2 Ke8 62. Qb2 Bb7 63. Qc2 f5 64. Qb2 Kf7 65. e6+ Kxe6 66. Bf4 Qe4 0-1


[Site "https://www.chess.com"]

[Event "Titled Tuesday Blitz February 28 Early 2023"]
[White "Al-Tarboush, Ward"]
[Black "Chigaev, Maksim"]
[WhiteFideId "7601450"]
[BlackFideId "4108116"]
[WhiteElo "2267"]
[BlackElo "2547"]
[Result "1-0"]
[Round "07"]
[TimeControl "180+2"]
[Date "2023.02.28"]
[WhiteClock "0:00:44"]
[BlackClock "0:00:12"]

1. e4 c5 2. Nf3 e6 3. d4 cxd4 4. Nxd4 Nf6 5. Nc3 Nc6 6. Bf4 Bb4 7. Nb5 Nxe4 8. Qf3 d5 9. Nc7+ Kf8 10. Nxa8 e5 11. Bd2 Nd4 12. Qd1 Qh4 13. g3 Qf6 14. Nxe4 Nf3+ 15. Qxf3 Qxf3 16. Bxb4+ Kg8 17. Nd6 Qxh1 18. O-O-O Be6 19. Nc7 Qxh2 20. Nxd5 Bxd5 21. Rxd5 Qxf2 22. Bc4 Qe3+ 23. Kd1 h5 24. Rd3 Qg1+ 25. Kd2 e4 26. Nxe4 Qg2+ 27. Ke3 Kh7 28. Ng5+ 1-0


[Site "https://www.chess.com"]

[Event "Titled Tuesday Blitz February 28 Early 2023"]
[White "Rustemov, Alexander"]
[Black "Manukyan, Sargis A."]
[WhiteFideId "4119002"]
[BlackFideId "13303970"]
[WhiteElo "2884"]
[BlackElo "2187"]
[Result "1-0"]
[Round "07"]
[TimeControl "180+2"]
[Date "2023.02.28"]
[WhiteClock "0:00:57"]
[BlackClock "0:00:06"]

1. d4 d5 2. c4 e6 3. Nc3 Nf6 4. cxd5 exd5 5. Bg5 Be7 6. e3 O-O 7. Bd3 Nbd7 8. Qc2 b6 9. Nf3 Bb7 10. O-O c5 11. Rad1 c4 12. Bf5 g6 13. Bh3 a6 14. a4 Re8 15. Ne5 Nf8 16. f4 N6d7 17. Bh6 f5 18. g4 Nxe5 19. fxe5 Bg5 20. Bxg5 Qxg5 21. Qf2 fxg4 22. Bg2 Re7 23. Nxd5 Rg7 24. Qg3 Rd8 25. Nf6+ Kh8 26. Bxb7 Rxb7 27. Nxg4 Ne6 28. Nf6 Qxg3+ 29. hxg3 b5 30. axb5 axb5 31. d5 Nc5 32. e6 Nd3 33. Rd2 b4 34. e4 Kg7 35. Nd7 Rdxd7 36. exd7 Rxd7 37. b3 Ne5 38. bxc4 Nxc4 39. Rd4 Ne3 40. Rf3 Ng4 41. Rxb4 Ne5 42. Rfb3 Kf6 43. Rb7 Rd8 44. Rb8 Rd7 45. R3b7 Rd6 46. Rb6 Rxb6 47. Rxb6+ Kg5 48. Re6 Nc4 49. d6 h5 50. d7 Nd2 51. d8=Q+ Kg4 52. Qxd2 g5 53. Kg2 h4 54. Qe2# 1-0


[Site "https://www.chess.com"]

[Event "Titled Tuesday Blitz February 28 Early 2023"]
[White "Tan, Jun Ying"]
[Black "Kravtsiv, Martyn"]
[WhiteFideId "5710413"]
[BlackFideId "14113147"]
[WhiteElo "2089"]
[BlackElo "2695"]
[Result "0-1"]
[Round "07"]
[TimeControl "180+2"]
[Date "2023.02.28"]
[WhiteClock "0:00:03"]
[BlackClock "0:00:20"]

1. d4 d5 2. c4 e6 3. Nc3 Bb4 4. cxd5 exd5 5. Bf4 Nf6 6. e3 O-O 7. Bd3 Bd6 8. Nge2 b6 9. O-O Bb7 10. Rc1 c5 11. Bxd6 Qxd6 12. dxc5 bxc5 13. Bb1 Nbd7 14. Ng3 Rfe8 15. b3 g6 16. Re1 Qc6 17. Na4 Qd6 18. e4 d4 19. Nb2 Nb6 20. Bd3 h5 21. f3 h4 22. Nf1 Nh5 23. Nc4 Qf6 24. e5 Qg5 25. Qd2 Nf4 26. Nd6 Bxf3 27. Nxe8 Rxe8 28. Be4 Bxe4 29. Rxe4 Nh3+ 30. Kh1 Qxd2 31. Nxd2 Nf2+ 32. Kg1 Nxe4 33. Nxe4 Rxe5 34. Nxc5 Re2 35. a4 Nd5 36. Nd3 Nc3 37. Rf1 Re3 38. Rf3 g5 39. Kf1 f5 40. Nc5 f4 0-1


[Site "https://www.chess.com"]

[Event "Titled Tuesday Blitz February 28 Early 2023"]
[White "Bharath Subramaniyam H"]
[Black "Kvaloy, Aksel Bu"]
[WhiteFideId "46634827"]
[BlackFideId "1528815"]
[WhiteElo "2395"]
[BlackElo "2208"]
[Result "0-1"]
[Round "07"]
[TimeControl "180+2"]
[Date "2023.02.28"]
[WhiteClock "0:00:05"]
[BlackClock "0:00:59"]

1. d4 Nf6 2. Nf3 e6 3. Bf4 d5 4. c3 Bd6 5. e3 c5 6. Nbd2 Qc7 7. Bxd6 Qxd6 8. Ne5 O-O 9. Bd3 Nfd7 10. f4 f5 11. Qe2 Nc6 12. O-O-O c4 13. Bb1 b5 14. g4 b4 15. Nxc6 bxc3 16. Ne5 Rb8 17. Ndxc4 dxc4 18. Nxc4 cxb2+ 19. Nxb2 Ba6 20. Bd3 Bxd3 21. Rxd3 Qd5 22. e4 Qxa2 23. Qc2 Qa1+ 24. Kd2 Qxh1 0-1


[Site "https://www.chess.com"]

[Event "Titled Tuesday Blitz February 28 Early 2023"]
[White "Galchenko, Matvey"]
[Black "Mamedov, Edgar"]
[WhiteFideId "24175480"]
[BlackFideId "13739980"]
[WhiteElo "2404"]
[BlackElo "2330"]
[Result "0-1"]
[Round "07"]
[TimeControl "180+2"]
[Date "2023.02.28"]
[WhiteClock "0:00:06"]
[BlackClock "0:00:26"]

1. f4 d5 2. Nf3 c5 3. g3 g6 4. Bg2 Bg7 5. O-O Nc6 6. d3 Nf6 7. Nc3 O-O 8. e4 dxe4 9. dxe4 Qxd1 10. Rxd1 Bg4 11. e5 Ne8 12. Be3 b6 13. h3 Bxf3 14. Bxf3 Rc8 15. Rd7 Nb4 16. Rc1 Rc7 17. Rd2 f6 18. a3 Nc6 19. Bd5+ Kh8 20. Nb5 Rc8 21. Bxc6 Rxc6 22. Nxa7 Re6 23. Re1 fxe5 24. Bf2 Nd6 25. b3 e4 26. Rde2 Bc3 27. Rd1 Ra8 28. Nc6 Nf5 29. Nd8 Rf6 30. Rxe4 Nd6 31. Rxd6 exd6 32. Re8+ Kg7 33. Ne6+ Rxe6 34. Rxe6 Rxa3 35. Rxd6 Ra1+ 36. Kg2 Ra2 37. Rxb6 Rxc2 38. Kf3 c4 39. Rb7+ Kf6 40. bxc4 Ke6 41. Rxh7 Bf6 42. Rc7 Rc3+ 43. Ke4 Rc2 44. Rc6+ Kf7 45. Be3 Rc3 0-1


[Site "https://www.chess.com"]

[Event "Titled Tuesday Blitz February 28 Early 2023"]
[White "Drygalov, Sergey"]
[Black "Gabdrakhmanov, Azat"]
[WhiteFideId "24171743"]
[BlackFideId "34189197"]
[WhiteElo "2533"]
[BlackElo "2315"]
[Result "1-0"]
[Round "07"]
[TimeControl "180+2"]
[Date "2023.02.28"]
[WhiteClock "0:00:06"]
[BlackClock "0:00:04"]

1. d4 Nf6 2. c4 g6 3. Nc3 Bg7 4. e4 O-O 5. Nf3 d6 6. Be2 e5 7. O-O Nc6 8. d5 Ne7 9. b4 Nh5 10. g3 f5 11. Ng5 Nf6 12. Bf3 h6 13. Ne6 Bxe6 14. dxe6 c6 15. b5 Qc7 16. Ba3 Rad8 17. Rc1 Qc8 18. Bxd6 Qxe6 19. c5 Nc8 20. bxc6 bxc6 21. Qa4 Nxd6 22. cxd6 Rxd6 23. Qxa7 Rfd8 24. a4 Rd3 25. Be2 R3d4 26. a5 fxe4 27. a6 Qh3 28. Qc5 Rd2 29. Nxe4 Nxe4 30. Qc4+ Kh7 31. Qxe4 Qf5 32. Bf3 Ra2 33. Qc4 Rxa6 34. Qxa6 Qxf3 35. Qxc6 e4 36. Rce1 Rd4 37. Re3 Qf5 38. Rfe1 Rd2 39. R3e2 e3 40. fxe3 Qd3 41. Rxd2 Qxd2 42. Qc1 Qd3 43. Qd1 Qe4 44. Qb1 Qf3 45. Qd3 h5 46. Rf1 Qg4 47. Rf4 Qe6 48. Kg2 Bh6 49. Qe4 Qa2+ 50. Rf2 Qb3 51. Qe7+ Kh8 52. Qd8+ Kh7 53. Qd7+ Kh8 54. Qd4+ Kh7 55. e4 Bg7 56. Qd5 Qe3 57. Rf3 Qe2+ 58. Rf2 Qe3 59. Qe6 h4 60. gxh4 Kh6 61. Qg4 Bd4 62. Qg5+ Qxg5+ 63. hxg5+ Kxg5 64. Rd2 Be5 65. Kf3 1-0


[Site "https://www.chess.com"]

[Event "Titled Tuesday Blitz February 28 Early 2023"]
[White "Gunduz, Umut Erdem"]
[Black "Zemlyanskii, Ivan"]
[WhiteFideId "6381383"]
[BlackFideId "24249971"]
[WhiteElo "2182"]
[BlackElo "2233"]
[Result "1-0"]
[Round "07"]
[TimeControl "180+2"]
[Date "2023.02.28"]
[WhiteClock "0:01:33"]
[BlackClock "0:00:03"]

1. e4 Nc6 2. Nf3 d5 3. exd5 Qxd5 4. Nc3 Qd6 5. g3 Bg4 6. Bg2 Qe6+ 7. Ne2 Nf6 8. O-O Qd7 9. d3 e6 10. a3 Be7 11. b4 a6 12. Bb2 O-O 13. h3 Bh5 14. Nf4 Bg6 15. Nxg6 hxg6 16. Re1 Rfd8 17. Qe2 Nd5 18. c4 Nb6 19. Rad1 Na4 20. Ba1 Bf6 21. d4 Ne7 22. Ne5 Bxe5 23. dxe5 Qe8 24. Bxb7 Ra7 25. Be4 Nb6 26. Bd4 Nf5 27. Bc5 a5 28. b5 a4 29. Rxd8 Qxd8 30. Rd1 Qc8 31. Qd3 Kh7 32. g4 Nh4 33. Qg3 Kg8 34. Qxh4 1-0


[Site "https://www.chess.com"]